 Dungeon Crawl Stone Soup version 0.29-a0-334-gb41bcbb86e (webtiles) character file.

Game seed: 13990879097811468990

1180 Jortsu the Cudgeller (level 8, -1/50 HPs)
             Began as a Gargoyle Fighter on Apr 14, 2022.
             Was an Initiate of Gozag.
             Slain by an orc warrior
             ... wielding a +2 scimitar of holy wrath
              (5 damage)
             ... on level 5 of the Dungeon.
             The game lasted 00:10:03 (5418 turns).

Jortsu the Cudgeller (Gargoyle Fighter)             Turns: 5418, Time: 00:10:04

Health: -1/50      AC: 20    Str: 20    XL:     8   Next: 42%
Magic:  0/8        EV:  6    Int:  9    God:    Gozag
Gold:   914        SH:  5    Dex: 11    Spells: 7/7 levels left

rFire   . . .      SeeInvis .   b - +4 mace
rCold   . . .      Faith    .   c - +0 buckler
rNeg    + . .      Spirit   +   l - +1 plate armour
rPois   ∞          Reflect  .   e - +0 helmet
rElec   +          Harm     .   (no cloak)
rCorr   .          Rampage  .   (no gloves)
Will    .....                   (no boots)
Stlth   ..........              g - amulet of guardian spirit
HPRegen 0.16/turn               (no ring)
MPRegen 0.11/turn               (no ring)

@: no status effects
A: sickness immunity, AC +5, negative energy resistance 1, electricity
resistance, torment resistance 1, petrification resistance
a: Renounce Religion, Potion Petition, Call Merchant, Bribe Branch


You were on level 5 of the Dungeon.
You worshipped Gozag.
Gozag was pleased with you.
You visited 1 branch of the dungeon, and saw 5 of its levels.
You also visited: Sewer.

You collected 914 gold pieces.

Inventory:

Hand Weapons
 b - a +4 mace (weapon)
Armour
 c - a +0 buckler (worn)
 e - a +0 helmet (worn)
 l - a +1 plate armour (worn)
Jewellery
 g - an amulet of guardian spirit (around neck)
Wands
 o - a wand of acid (7)
 r - a wand of digging (5)
Scrolls
 a - 2 scrolls of vulnerability
 j - a scroll of teleportation
 v - a scroll of holy word {unknown}
Potions
 d - 3 potions of might
 f - 2 potions of curing
 h - 2 potions of heal wounds
 i - 3 potions of brilliance
 k - a potion of haste {unknown}
 m - 2 potions of degeneration {unknown}
 n - a potion of berserk rage {unknown}
 p - a potion of ambrosia {unknown}
 q - a potion of lignification {unknown}
 s - 2 potions of cancellation {unknown}
 t - a potion of resistance
 u - a potion of magic {unknown}
 w - a potion of attraction {unknown}


   Skills:
 + Level 5.4 Fighting
 + Level 7.0 Maces & Flails
 + Level 5.9 Armour
 + Level 0.7 Dodging
 + Level 0.2 Stealth
 + Level 4.8 Shields


You had 7 spell levels left.
You didn't know any spells.
Your spell library contained the following spells:

 Spells                   Type           Power      Damage    Failure   Level
 Magic Dart               Conj           0%         1d3       100%        1
 Summon Small Mammal      Summ           0%         N/A       100%        1
 Call Imp                 Summ           0%         N/A       100%        2
 Call Canine Familiar     Summ           0%         N/A       100%        3
 Mephitic Cloud           Conj/Pois/Air  0%         N/A       100%        3
 Summon Guardian Golem    Hex/Summ       0%         N/A       100%        3
 Tukima's Dance           Hex            0%         N/A       100%        3
 Passage of Golubria      Tloc           0%         N/A       100%        4
 Yara's Violent Unravell  Hex/Tmut       0%         3d3       100%        5


Dungeon Overview and Level Annotations

Branches:
Dungeon (5/15)              Sewer (visited)
 Temple: D:4-7

Altars:
Dithmenos
Gozag
Nemelex Xobeh
Qazlal
Trog

Shops:
D:2 (   D:3 [   D:5 *([


Innate Abilities, Weirdness & Mutations

You are immune to sickness and miasma.
Your stone body is resilient. (AC +5)
You are immune to poison.
You resist negative energy. (rN+)
You are resistant to electric shocks. (rElec)
You are resistant to unholy torment.
You are immune to petrification.


Message History

You block the orc warrior's attack.
You hit the orc warrior.
The orc warrior is moderately wounded.
The orc warrior hits you with a +2 scimitar of holy wrath!
You barely miss the orc warrior.
The orc warrior is moderately wounded.
The orc warrior hits you but does no damage. x2
You hit the orc warrior but do no damage.
The orc warrior is moderately wounded.
The orc warrior hits you with a +2 scimitar of holy wrath!
* * * LOW HITPOINT WARNING * * *
You hit the orc warrior but do no damage.
The orc warrior is moderately wounded.
The orc warrior hits you with a +2 scimitar of holy wrath.
* * * LOW HITPOINT WARNING * * *
You hit the orc warrior but do no damage.
The orc warrior is moderately wounded.
The orc warrior hits you but does no damage.
You sock the orc warrior!
The orc warrior is severely wounded.
The orc warrior completely misses you.
You thump the orc warrior!
The orc warrior is almost dead.
The orc warrior hits you but does no damage.
You closely miss the orc warrior.
The orc warrior is almost dead.
You block the orc warrior's attack.
You barely miss the orc warrior.
The orc warrior is almost dead.
The orc warrior closely misses you.
You closely miss the orc warrior.
The orc warrior is almost dead.
The orc warrior closely misses you.
The orc warrior hits you with a +2 scimitar of holy wrath!
* * * LOW HITPOINT WARNING * * *
You hit the orc warrior but do no damage.
The orc warrior is almost dead.
The orc warrior hits you with a +2 scimitar of holy wrath.
You die...
Your body crumbles into a pile of gold.

#.
#.?.......###.#####
#.................(
#..................
#..................
#..................
#..................
#..o......###.#####
#.@....... # #
###$........ #
#........... #
######.##############
# #.......#
#..#......# #
#.####)##
#..#.###.∩######
#.####..#.####.##....
#............#.#.....
#..###.......#.#.....


You could see an orc warrior.

Vanquished Creatures
  Edmund (D:4)
  A water moccasin (D:5)
  An ogre (D:5)
  4 kobold brigands (Sewer)
  2 scorpions
  3 wights
  A jelly (D:5)
  Terence (D:2)
  4 gnolls
  4 river rats
  6 adders
  2 ufetubi
  3 dart slugs
  8 worms
  18 orcs
  9 ball pythons
  7 endoplasms
  3 giant cockroaches
  A goblin (D:4)
  5 hobgoblins
  4 jackals (Sewer)
  3 quokkas
  3 bats
  3 frilled lizards (Sewer)
  11 kobolds
  8 rats
116 creatures vanquished.

Vanquished Creatures (others)
  9 plants (Sewer)
9 creatures vanquished.

Grand Total: 125 creatures vanquished

Notes
Turn   | Place    | Note
-------+----------+-------------------------------------------
     0 | D:1      | Jortsu the Gargoyle Fighter began the quest for the Orb.
     0 | D:1      | Reached XP level 1. HP: 14/14 MP: 1/1
   252 | D:1      | Reached XP level 2. HP: 19/19 MP: 2/2
   480 | D:1      | Found a faded altar of an unknown god.
   502 | D:1      | Prayed at the altar of an unknown god.
   502 | D:1      | Became a worshipper of Gozag Ym Sagoz the Greedy
   714 | D:2      | Reached XP level 3. HP: 18/23 MP: 3/3
  1017 | D:2      | Found Ocynieco's Antique Weapon Shop.
  1017 | D:2      | Noticed Terence
  1038 | D:2      | Killed Terence
  1039 | D:2      | Reached XP level 4. HP: 10/29 MP: 4/4
  1441 | D:3      | Found a sparkling altar of Nemelex Xobeh.
  1459 | D:2      | Reached skill level 3 in Maces & Flails
  1459 | D:2      | Reached XP level 5. HP: 13/33 MP: 1/5
  1855 | D:3      | Found a shadowy altar of Dithmenos.
  1995 | D:3      | Reached skill level 4 in Maces & Flails
  1995 | D:3      | Reached XP level 6. HP: 15/38 MP: 1/6
  2199 | D:3      | Found a bloodstained altar of Trog.
  2263 | D:3      | Found Bairen's Armour Shoppe.
  2957 | D:4      | Found a stormy altar of Qazlal.
  2957 | D:4      | Noticed Edmund
  2979 | D:4      | HP: 1/39 [Edmund/+1 vorpal dire flail (1)]
  2980 | D:4      | Killed Edmund
  3272 | D:3      | Reached skill level 5 in Maces & Flails
  3272 | D:3      | Reached XP level 7. HP: 44/44 MP: 7/7
  3559 | D:4      | Identified the +0 leather armour "Lopurgh" {rC- rN++ rCorr
                  | Int+3}
  3900 | D:5      | Entered Level 5 of the Dungeon
  3900 | D:5      | Found Keoddeas's Antique Weapon Shoppe.
  4208 | D:5      | Reached skill level 5 in Fighting
  4208 | D:5      | Reached skill level 5 in Armour
  4270 | D:5      | Found Feosim's Antique Armour Shop.
  4356 | D:5      | Reached skill level 6 in Maces & Flails
  4406 | D:5      | Found a glowing drain.
  4410 | Sewer    | Entered a sewer
  4518 | Sewer    | Reached XP level 8. HP: 45/49 MP: 5/8
  4936 | Sewer    | Reached skill level 7 in Maces & Flails
  5341 | D:5      | Found Podoesm's Assorted Antiques.
  5418 | D:5      | Slain by an orc warrior

Illustrated notes

Levels and vault maps discovered:
D:1:      amcnicky_arrival_wind_blow, layout_basic,
          ebering_ecumenical_altar_hall, hex_tiny
D:2:      layout_rooms, serial_shops, shop_fountains,
          kennysheep_generic_room_11, uniq_terence
D:3:      layout_loops_ring, nicolae_overflow_crystal_walls,
          mainiacjoe_overflow_alcove_4, grunt_dithmenos_smoke_and_mirrors,
          serial_shops, nicolae_shop_trees
D:4:      layout_loops_ring, lemuel_tele_altar, uniq_edmund
D:5:      layout_basic, lightli_sewer_entry_pipes, serial_shops, shop, shop,
          nicolae_shop_behind_doors, kennysheep_pointless_box

Skill      XL: |  1  2  3  4  5  6  7  8 |
---------------+-------------------------+-----
Maces & Flails | 3 4 5 6 7 |  7.0
Armour         | 4 5 |  5.9
Fighting       | 4 5 |  5.4
Shields        | 4 |  4.8
Dodging        | |  0.7
Stealth        | |  0.2

Action                   |  1- 3 |  4- 6 |  7- 9 || total
-------------------------+-------+-------+-------++-------
Melee: Flail             |    83 |    24 |       ||   107
       Mace              |       |    64 |   290 ||   354
  Use: Scroll            |     1 |     5 |     5 ||    11
Armor: Scale mail        |    49 |       |       ||    49
       Plate armour      |    14 |    52 |   156 ||   222
Dodge: Dodged            |    41 |    12 |    74 ||   127
Block: Buckler           |    24 |    18 |    71 ||   113

Table legend: (Time is in decaauts)
 A = Elapsed time spent in this place.
 B = Non-inter-level travel time spent in this place.
 C = Inter-level travel time spent in this place.
 D = Time resting spent in this place.
 E = Time spent auto-exploring this place.
 F = Levels seen in this place.
 G = Mean time per level.
                   A        B        C        D        E       F      G
               +--------+--------+--------+--------+--------+-----+--------+
         Total |   5674 |   5566 |    108 |   1130 |   2818 |   6 |  945.7 |
       Dungeon |   4751 |   4643 |    108 |   1045 |   2293 |   5 |  950.2 |
         Sewer |    922 |    922 |      0 |     85 |    525 |   1 |  922.0 |
               +--------+--------+--------+--------+--------+-----+--------+

Top non-repeatable levels by time:
     D:3: 1161 daAuts
     D:2: 1150 daAuts
     D:4: 1099 daAuts
   Sewer: 922 daAuts
     D:1: 700 daAuts
     D:5: 639 daAuts
